Map: Fields of Shazir

Players

Loken - Winner!

  • Race: Zerg Zerg
  • League: Platinum
  • Spawn Location: 5:00

dallaskuken - Winner!

  • Race: Protoss Protoss
  • League: Platinum
  • Spawn Location: 3:00

Myran - Winner!

  • Race: Protoss Protoss
  • Spawn Location: 3:00

LINK

  • Race: Zerg Zerg
  • League: Gold
  • Spawn Location: 9:00

AASTHEKING

  • Race: Terran Terran
  • Spawn Location: 7:00

Glightyear

  • Race: Terran Terran
  • League: Diamond
  • Spawn Location: 9:00

VOD

Have the link to the VOD?

Description

Time

  • Played on: March 14, 2017, 8:19 p.m.
  • Length: 14:27
Show
View Real Time Build Order
Export as new Build Order

Loken Zerg - Winner!

Build Orders: Hatch First 

Get SALT Encoding   

  12  0:01  Drone  
  13  0:14  Overlord  
  13  0:23  Drone  
  14  0:33  Drone  
  14  0:34  Drone  
  16  0:37  Drone  
  17  0:58  Drone  
  17  1:02  Hatchery  
  17  1:07  Drone  
  18  1:18  Spawning Pool  
  17  1:26  Drone x2  
  17  1:29  Extractor  
  17  1:32  Overlord  
  18  1:40  Drone  
  19  1:51  Drone  
  20  2:02  Drone  
  20  2:05  Queen  
  23  2:14  Queen  
  25  2:16  Drone x2  
  27  2:29  Extractor  
  26  2:32  Metabolic Boost  
  26  2:35  Drone  
  26  2:36  Drone  
  28  2:38  Zergling x2  
  29  2:49  Zergling x6  
  32  2:55  Overlord  
  32  3:21  Zergling x12  
  32  3:22  Zergling x2  
  32  3:23  Zergling x2  
  32  3:24  Zergling x4  
  32  3:26  Overlord  
  41  3:34  Overlord  
  41  3:49  Drone  
  41  3:50  Drone x4  
  46  4:05  Lair  
  46  4:09  Zergling x2  
  50  4:10  Zergling x6  
  50  4:24  Zergling x16  
  58  4:48  Baneling Nest  
  57  4:53  Drone  
  57  4:54  Drone x2  
  57  4:57  Overlord x3  
  60  5:00  Overlord x3  
  60  5:24  Drone  
  60  5:25  Drone x5  
  66  5:32  Extractor  
  65  5:36  Extractor  
  50  5:58  Zergling x12  
  50  5:59  Zergling x2  
  46  6:25  Hatchery  
  45  6:29  Queen  
  45  6:31  Hatchery  
  46  6:35  Zergling x10  
  46  6:36  Zergling x8  
  55  6:40  Baneling  
  55  6:41  Baneling x13  
  55  6:43  Centrifical Hooks  
  55  6:54  Evolution Chamber  
  55  6:56  Evolution Chamber x2  
  55  6:59  Spore Crawler  
  55  7:00  Drone x4  
  55  7:05  Queen  
  57  7:41  Zerg Melee Weapons Level 1, Zerg Missile Weapons Level 1  
  57  7:42  Zerg Ground Armor Level 1  
  57  7:49  Zergling x2  
  57  7:50  Zergling x28  
  72  8:10  Zergling x2  
  72  8:11  Zergling x18  
  82  8:24  Hatchery  
  52  8:58  Zergling x16  
  52  8:59  Zergling x14  
  60  9:48  Zergling x22  
  60  9:49  Zergling x2  
  70  10:02  Drone x4  
  70  10:03  Drone x3  
  77  10:15  Hatchery  
  77  10:20  Infestation Pit  
  73  10:24  Baneling  
  73  10:25  Baneling x15  
  73  10:26  Baneling x13  
  73  10:28  Baneling  
  72  10:45  Drone  
  72  10:46  Drone x7  
  80  11:04  Hive  
  80  11:06  Zerg Melee Weapons Level 2  
  80  11:10  Zerg Ground Armor Level 2  
  80  11:15  Zerg Missile Weapons Level 2  
  80  11:24  Hydralisk Den  
  79  11:28  Spire  
  77  11:49  Spine Crawler  
  77  11:50  Spine Crawler, Spore Crawler  
  77  11:52  Drone  
  77  11:53  Drone x8  
  83  12:15  Drone x7  
  86  12:16  Drone x5  
  86  12:20  Drone  
  86  12:21  Drone  
  70  12:49  Zergling x2  
  70  12:50  Zergling x26  
  70  12:51  Zergling x10  
  89  12:52  Zergling x2  
  90  13:13  Zergling x2  
  90  13:14  Zergling x16  
  86  13:44  Hatchery  
  82  13:55  Hatchery  
Show
View Real Time Build Order
Export as new Build Order

dallaskuken Protoss - Winner!

Build Orders:  

Get SALT Encoding   

  12  0:01  Probe (Chrono Boost)  
  13  0:11  Probe (Chrono Boost)  
  14  0:21  Pylon  
  14  0:24  Probe (Chrono Boost)  
  16  0:43  Probe (Chrono Boost)  
  16  0:53  Probe (Chrono Boost)  
  16  0:54  Gateway  
  17  1:04  Probe (Chrono Boost)  
  18  1:14  Probe (Chrono Boost)  
  19  1:23  Pylon  
  19  1:25  Probe (Chrono Boost)  
  20  1:30  Assimilator  
  20  1:35  Probe (Chrono Boost)  
  21  1:45  Zealot  
  21  1:50  Cybernetics Core  
  23  2:04  Forge  
  24  2:10  Probe (Chrono Boost)  
  24  2:11  Zealot  
  26  2:22  Probe (Chrono Boost)  
  27  2:28  Warp Gate  
  27  2:36  Probe (Chrono Boost)  
  28  2:37  Assimilator  
  29  2:52  Probe (Chrono Boost)  
  30  3:06  Probe (Chrono Boost)  
  30  3:14  Gateway  
  30  3:16  Gateway  
  30  3:18  Gateway  
  30  3:22  Gateway, Pylon  
  28  3:32  Nexus  
  28  3:50  Pylon  
  28  3:54  Pylon  
  28  4:01  Probe (Chrono Boost)  
  29  4:13  Probe (Chrono Boost)  
  31  4:25  Photon Cannon, Probe (Chrono Boost)  
  31  4:37  Probe (Chrono Boost)  
  32  4:38  Pylon  
  32  4:46  Probe (Chrono Boost)  
  32  4:49  Probe (Chrono Boost)  
  32  4:50  Zealot x2  
  32  4:51  Zealot x3  
  44  4:56  Probe (Chrono Boost)  
  44  4:57  Photon Cannon  
  45  5:00  Gateway  
  46  5:07  Probe (Chrono Boost)  
  46  5:14  Pylon  
  46  5:17  Probe (Chrono Boost)  
  46  5:19  Zealot x4  
  55  5:28  Probe (Chrono Boost)  
  44  6:18  Stargate  
  44  6:21  Stargate, Probe (Chrono Boost)  
  44  6:22  Stargate  
  45  6:31  Probe (Chrono Boost)  
  46  6:42  Stalker, Probe (Chrono Boost)  
  46  6:43  Stalker x3  
  46  6:44  Stalker, Pylon  
  46  6:46  Pylon  
  57  6:50  Pylon  
  57  6:52  Probe (Chrono Boost)  
  58  7:03  Probe (Chrono Boost)  
  58  7:04  Void Ray  
  58  7:05  Void Ray  
  58  7:07  Void Ray  
  71  7:14  Probe (Chrono Boost)  
  72  7:24  Probe (Chrono Boost)  
  73  7:35  Protoss Air Weapons Level 1  
  73  7:46  Void Ray  
  77  7:54  Assimilator  
  77  7:57  Probe (Chrono Boost)  
  77  7:58  Assimilator  
  78  8:08  Probe (Chrono Boost)  
  78  8:10  Void Ray  
  78  8:11  Nexus  
  83  8:18  Probe (Chrono Boost)  
  84  8:22  Fleet Beacon  
  84  8:29  Probe (Chrono Boost)  
  84  8:32  Pylon  
  85  8:35  Pylon  
  85  8:39  Probe (Chrono Boost)  
  86  8:50  Probe (Chrono Boost)  
  86  8:52  Probe (Chrono Boost)  
  88  9:00  Probe (Chrono Boost)  
  90  9:04  Probe (Chrono Boost)  
  90  9:11  Probe (Chrono Boost)  
  90  9:16  Probe (Chrono Boost)  
  92  9:22  Probe (Chrono Boost)  
  93  9:28  Probe (Chrono Boost)  
  93  9:29  Carrier  
  93  9:31  Carrier  
  94  9:32  Probe (Chrono Boost)  
  107  9:40  Probe (Chrono Boost)  
  108  10:00  Carrier  
  114  10:22  Assimilator  
  114  10:26  Assimilator  
  114  10:44  Carrier  
  114  10:45  Carrier  
  120  10:58  Protoss Air Weapons Level 2  
  120  11:02  Graviton Catapult  
  126  11:14  Carrier  
  126  11:27  Probe (Chrono Boost)  
  133  11:42  Pylon  
  133  11:43  Pylon  
  133  11:45  Pylon  
  133  11:46  Pylon  
  133  11:48  Pylon  
  133  11:49  Pylon  
  133  11:51  Pylon  
  133  11:53  Pylon  
  133  11:58  Carrier  
  133  12:00  Carrier  
  134  12:02  Probe (Chrono Boost)  
  134  12:14  Mothership Core (Chrono Boost), Probe (Chrono Boost)  
  149  12:26  Probe (Chrono Boost)  
  149  12:29  Carrier  
Show
View Real Time Build Order
Export as new Build Order

Myran Protoss - Winner!

Build Orders:  

Get SALT Encoding   

  12  0:01  Probe (Chrono Boost)  
  13  0:18  Probe (Chrono Boost)  
  14  0:25  Pylon  
  14  0:29  Probe (Chrono Boost)  
  15  0:41  Pylon  
  15  0:45  Probe (Chrono Boost)  
  16  0:55  Probe (Chrono Boost)  
  17  1:00  Forge  
  17  1:06  Pylon  
  17  1:27  Pylon  
  17  1:45  Probe (Chrono Boost)  
  17  1:47  Pylon  
  18  1:55  Pylon, Probe (Chrono Boost)  
  19  2:05  Photon Cannon  
  19  2:10  Photon Cannon  
  19  2:11  Photon Cannon  
  19  2:15  Photon Cannon  
  19  2:24  Pylon  
  19  2:29  Probe (Chrono Boost)  
  20  2:33  Gateway  
  20  2:36  Pylon  
  20  2:39  Probe (Chrono Boost)  
  21  2:56  Pylon  
  21  3:00  Photon Cannon  
  21  3:03  Probe (Chrono Boost)  
  22  3:10  Photon Cannon  
  22  3:14  Probe (Chrono Boost)  
  22  3:18  Photon Cannon  
  22  3:44  Probe (Chrono Boost)  
  23  3:54  Nexus  
  23  3:55  Pylon, Probe (Chrono Boost)  
  24  4:00  Assimilator  
  24  4:04  Assimilator  
  24  4:05  Probe (Chrono Boost)  
  25  4:12  Photon Cannon  
  25  4:29  Cybernetics Core  
  25  4:51  Assimilator  
  25  4:55  Assimilator  
  25  5:06  Warp Gate  
  25  5:07  Probe (Chrono Boost)  
  26  5:11  Probe (Chrono Boost)  
  27  5:17  Probe (Chrono Boost)  
  28  5:22  Probe (Chrono Boost)  
  29  5:30  Stargate  
  29  5:32  Probe (Chrono Boost)  
  30  5:43  Probe (Chrono Boost)  
  31  5:57  Probe (Chrono Boost)  
  32  6:08  Stargate, Probe (Chrono Boost)  
  32  6:09  Probe (Chrono Boost)  
  34  6:18  Probe (Chrono Boost)  
  34  6:20  Photon Cannon, Probe (Chrono Boost)  
  34  6:23  Pylon  
  36  6:29  Probe (Chrono Boost)  
  37  6:35  Probe (Chrono Boost), Void Ray  
  43  6:40  Probe (Chrono Boost)  
  43  6:45  Pylon  
  43  6:48  Probe (Chrono Boost)  
  43  6:49  Pylon  
  43  6:50  Probe (Chrono Boost)  
  45  6:58  Probe (Chrono Boost)  
  46  7:03  Void Ray, Probe (Chrono Boost)  
  47  7:12  Void Ray  
  47  7:15  Probe (Chrono Boost)  
  56  7:33  Protoss Air Weapons Level 1  
  56  7:45  Stargate, Void Ray  
  56  7:47  Pylon  
  56  7:49  Pylon  
  56  7:50  Void Ray  
  60  7:54  Photon Cannon  
  64  8:26  Void Ray, Fleet Beacon  
  64  8:29  Void Ray  
  72  8:54  Void Ray  
  76  9:03  Void Ray  
  80  9:12  Void Ray  
  80  9:31  Void Ray  
  82  9:53  Void Ray  
  76  10:27  Probe (Chrono Boost), Nexus  
  77  10:29  Pylon  
  77  10:31  Pylon  
  77  10:35  Pylon  
  77  10:37  Pylon  
  77  10:40  Pylon, Probe (Chrono Boost)  
  77  10:41  Void Ray  
  78  10:44  Photon Cannon  
  78  10:46  Pylon, Void Ray  
  86  10:50  Pylon  
  86  10:51  Void Ray  
  86  10:52  Probe (Chrono Boost)  
  87  11:04  Probe (Chrono Boost)  
  92  11:06  Protoss Air Weapons Level 2  
  92  11:09  Protoss Shields Level 1  
  92  11:16  Probe (Chrono Boost)  
  92  11:17  Pylon  
  92  11:18  Void Ray  
  93  11:20  Pylon  
  93  11:24  Pylon  
  97  11:29  Void Ray  
  97  11:31  Photon Cannon  
  97  11:32  Photon Cannon  
  101  11:57  Void Ray x2  
  109  12:10  Robotics Facility  
  109  12:12  Void Ray  
  109  12:14  Probe (Chrono Boost)  
  114  12:25  Probe (Chrono Boost)  
  115  12:35  Void Ray  
  116  12:37  Probe (Chrono Boost)  
  120  12:49  Probe (Chrono Boost)  
  121  13:09  Void Ray x2  
  121  13:12  Void Ray  
Show
View Real Time Build Order
Export as new Build Order

LINK Zerg 

Build Orders: Pool First 

Get SALT Encoding   

  12  0:01  Drone  
  13  0:10  Drone  
  14  0:18  Overlord  
  14  0:29  Extractor  
  14  0:31  Drone  
  14  0:38  Drone x2  
  16  0:56  Spawning Pool, Drone  
  16  0:58  Drone  
  17  1:18  Drone x2  
  19  1:33  Hatchery  
  19  1:39  Drone x2  
  20  1:51  Queen  
  22  1:55  Extractor  
  22  1:59  Overlord  
  21  2:16  Zergling x2  
  21  2:18  Zergling x2  
  23  2:26  Queen  
  25  2:32  Metabolic Boost  
  25  2:57  Zergling x6  
  25  2:58  Zergling x4  
  30  3:07  Queen  
  32  3:27  Zergling x6  
  32  3:28  Zergling x2  
  32  3:32  Overlord  
  35  4:09  Drone  
  37  4:10  Drone x3, Overlord, Roach Warren  
  38  4:42  Overlord x2  
  40  4:53  Roach x7, Baneling Nest  
  51  5:24  Roach x3  
  51  5:25  Roach  
  41  6:14  Roach x7  
  41  6:15  Roach x5  
  65  6:27  Baneling x7  
  65  6:46  Drone x3  
  68  6:48  Overlord  
  67  7:09  Drone x3  
  67  7:10  Drone x4  
  74  7:19  Drone  
  75  7:25  Extractor  
  74  7:32  Drone  
  74  7:33  Overlord  
  75  7:48  Lair  
  75  8:21  Overlord x2  
  75  8:23  Drone x7  
  75  8:24  Drone  
  75  8:26  Overlord x2  
  83  8:39  Queen  
  85  9:24  Drone  
  85  9:25  Drone x4  
  85  9:27  Hydralisk Den  
  61  10:07  Hydralisk x2  
  61  10:08  Hydralisk x8, Extractor  
  61  10:10  Overseer  
  80  10:15  Spore Crawler  
  80  10:17  Spore Crawler  
  76  10:37  Muscular Augments  
  76  10:40  Hydralisk x3  
  76  10:41  Hydralisk x4  
  90  10:49  Overlord  
  90  10:56  Hydralisk x2  
  94  11:02  Drone  
  95  11:08  Queen  
  97  11:16  Hydralisk x7  
  111  11:28  Hydralisk  
  111  11:29  Hydralisk  
  114  11:42  Hydralisk x5  
  124  11:47  Overlord  
  124  11:48  Overlord  
  124  12:05  Overlord x2  
  124  12:10  Ravager x4  
  124  12:11  Ravager  
  124  12:15  Hydralisk x5  
  139  12:30  Hydralisk x4  
  139  12:31  Overlord  
  132  12:42  Hydralisk x2  
  132  12:43  Hydralisk x2  
Show
View Real Time Build Order
Export as new Build Order

AASTHEKING Terran 

Build Orders:  

Get SALT Encoding   

  12  0:03  SCV  
  13  0:15  SCV  
  14  0:26  Supply Depot  
  14  0:28  SCV  
  15  0:48  SCV  
  16  0:52  Barracks  
  16  0:57  Refinery  
  16  1:00  SCV  
  17  1:12  SCV  
  18  1:25  SCV  
  19  1:41  Command Center  
  19  1:42  Orbital Command  
  19  2:08  Factory  
  19  2:12  SCV  
  20  2:16  Supply Depot  
  20  2:21  Marine  
  21  2:24  SCV  
  22  2:30  Supply Depot  
  22  2:36  SCV  
  23  2:50  SCV  
  24  2:56  Refinery  
  24  2:57  SCV  
  25  3:02  SCV  
  25  3:04  Engineering Bay  
  26  3:09  SCV  
  27  3:13  Factory Tech Lab  
  27  3:18  Barracks Tech Lab  
  27  3:25  SCV  
  28  3:34  Siege Tank  
  28  3:37  Marine  
  28  3:40  SCV  
  33  3:44  Missile Turret  
  33  3:53  Planetary Fortress  
  33  3:54  Marine  
  34  3:57  Missile Turret  
  34  4:00  Missile Turret  
  34  4:11  Widow Mine  
  34  4:13  Command Center  
  36  4:17  Marine  
  36  4:22  Refinery  
  37  4:24  Refinery  
  37  4:32  Command Center  
  37  4:35  Marine  
  38  4:39  Starport  
  38  4:40  SCV  
  39  4:46  SCV  
  39  4:52  SCV  
  41  4:55  Widow Mine  
  43  5:01  Hi-Sec Auto Tracking  
  43  5:09  SCV  
  43  5:21  SCV  
  43  5:23  Widow Mine  
  46  5:32  Orbital Command  
  46  5:33  SCV  
  47  5:36  Starport  
  47  5:45  SCV  
  47  5:46  Fusion Core  
  45  5:56  Siege Tank  
  45  5:57  SCV  
  45  6:20  Orbital Command  
  45  6:23  Starport Tech Lab  
  45  6:27  Starport  
  45  6:28  Siege Tank  
  45  6:32  Starport, Starport Tech Lab  
  48  6:47  Weapon Refit  
  48  6:54  Armory  
  48  6:55  SCV  
  48  7:00  Siege Tank  
  52  7:07  SCV  
  53  7:12  Starport Tech Lab  
  53  7:13  Starport Tech Lab  
  53  7:16  Starport  
  53  7:18  Starport  
  53  7:19  SCV  
  54  7:30  Supply Depot  
  54  7:31  SCV  
  54  7:35  Command Center  
  55  7:38  Siege Tank  
  55  7:43  SCV  
  59  7:52  Command Center  
  59  7:55  SCV  
  60  8:07  SCV  
  61  8:13  Starport Tech Lab  
  61  8:14  Starport Tech Lab  
  62  8:20  SCV  
  62  8:26  Refinery  
  62  8:31  Refinery  
  62  8:32  SCV  
  62  8:34  Battlecruiser  
  69  8:44  Battlecruiser  
  75  9:00  Orbital Command  
  75  9:02  Terran Ship Weapons Level 1  
  75  9:06  Battlecruiser  
  81  9:11  SCV  
  82  9:23  SCV, Supply Depot  
  83  9:38  Marine  
  84  9:43  Battlecruiser x2  
  96  9:48  Supply Depot  
  96  10:10  Command Center  
  96  10:12  Battlecruiser  
  102  10:20  Battlecruiser  
  108  10:28  SCV  
  109  10:40  SCV  
  110  10:43  Widow Mine  
  110  10:46  Refinery  
  112  10:50  Battlecruiser  
  112  10:51  Refinery  
  112  10:53  SCV  
  119  11:05  Battlecruiser, SCV  
  126  11:12  Widow Mine  
  126  11:15  Supply Depot  
  128  11:20  Missile Turret x2  
  128  11:24  Missile Turret  
  128  11:31  SCV  
  129  11:36  Battlecruiser  
  129  11:37  Supply Depot  
  135  11:40  Widow Mine  
  135  11:42  Planetary Fortress  
  135  11:43  SCV  
  138  11:49  Missile Turret  
  138  11:55  SCV  
  139  12:06  Battlecruiser  
  139  12:08  SCV  
  146  12:09  Widow Mine  
  146  12:10  Missile Turret  
  148  12:20  Battlecruiser, SCV  
  155  12:37  Widow Mine  
Show
View Real Time Build Order
Export as new Build Order

Glightyear Terran 

Build Orders:  

Get SALT Encoding   

  12  0:01  SCV  
  13  0:14  SCV  
  14  0:26  SCV  
  14  0:27  Supply Depot  
  15  0:48  SCV  
  16  0:53  Barracks  
  16  1:01  SCV  
  17  1:13  SCV  
  17  1:17  Supply Depot  
  18  1:25  SCV  
  19  1:37  SCV  
  20  1:42  Marine  
  20  1:46  Bunker  
  21  1:49  SCV  
  22  2:00  Marine  
  23  2:01  SCV  
  24  2:13  Refinery, SCV  
  25  2:18  Marine  
  26  2:36  Marine  
  20  2:54  Refinery, Marine  
  21  3:04  Orbital Command  
  21  3:12  Marine  
  22  3:29  Marine  
  22  3:30  Factory  
  22  3:47  Marine  
  23  3:51  Factory, SCV  
  24  4:12  Engineering Bay  
  24  4:14  SCV  
  24  4:15  Factory Tech Lab  
  25  4:26  SCV  
  25  4:29  Marine  
  27  4:38  SCV  
  28  4:40  Siege Tank  
  31  4:57  Missile Turret  
  31  5:01  Missile Turret, Supply Depot  
  31  5:22  SCV, Marine  
  31  5:23  Supply Depot  
  33  5:40  Marine  
  34  5:42  Factory Reactor  
  34  5:53  Refinery  
  34  5:55  Command Center  
  34  5:58  Marine  
  35  6:06  SCV  
  35  6:09  Siege Tank  
  39  6:15  Marine  
  40  6:18  Missile Turret  
  40  6:23  Widow Mine x2  
  44  6:30  SCV  
  45  6:33  Marine  
  46  6:42  SCV  
  46  6:46  Missile Turret  
  47  6:51  Marine  
  48  7:03  Widow Mine x2  
  52  7:09  Marine  
  52  7:14  Armory  
  52  7:15  Refinery  
  53  7:27  Marine  
  53  7:28  Orbital Command  
  54  7:30  Missile Turret  
  54  7:31  Widow Mine x2  
  54  7:33  Sensor Tower  
  54  7:35  SCV  
  59  7:44  Marine  
  59  7:47  SCV  
  61  7:53  Starport  
  61  7:57  Missile Turret  
  61  7:59  SCV x2  
  61  8:01  Widow Mine  
  65  8:10  Refinery  
  65  8:11  SCV  
  65  8:12  SCV  
  67  8:23  SCV  
  67  8:24  SCV  
  69  8:35  SCV  
  69  8:38  Starport Reactor  
  69  8:39  Missile Turret  
  70  8:47  SCV, Marine  
  55  8:59  SCV  
  56  9:05  Marine  
  53  9:12  SCV  
  53  9:14  Supply Depot  
  37  9:23  Marine  
  17  9:36  Orbital Command  
  16  9:40  Marine  
  17  9:54  Thor  
  17  9:58  Marine  
  24  10:04  SCV  
  25  10:10  Orbital Command  
  25  10:16  Orbital Command, SCV, Marine  
  28  10:34  Marine  
  28  10:36  SCV  
  28  10:42  SCV  
  30  10:47  Hellbat  
  30  10:49  SCV  
  33  10:54  Terran Vehicle And Ship Armor Level 1, SCV  
  34  11:01  SCV  
  35  11:06  SCV  
  36  11:13  SCV  
  37  11:18  SCV  
  37  11:20  Thor  
  37  11:25  SCV  
  45  11:30  SCV  
  46  11:34  Refinery  
  46  11:37  SCV  
  47  11:42  Barracks Tech Lab  
  47  11:43  SCV  
  48  11:49  SCV  
  49  11:55  SCV  
  50  12:01  Command Center  
  50  12:03  Widow Mine  
  50  12:06  Refinery  
  50  12:07  SCV  
  53  12:14  SCV  
  54  12:19  SCV  
  55  12:31  SCV  
  55  12:36  SCV  
  57  12:43  Factory, SCV  
  58  12:48  SCV  
  59  12:54  Widow Mine  
  59  12:55  SCV  
  62  13:13  SCV x2  
  62  13:15  Supply Depot  
  62  13:16  Orbital Command  
  64  13:25  SCV x2  
  62  13:37  SCV x2  
  63  13:49  SCV  
  63  13:53  Marine  
  71  13:56  SCV  
  71  13:58  SCV  
  71  14:01  SCV  
  78  14:08  SCV  
  79  14:10  SCV  
  79  14:13  SCV  
  82  14:23  Missile Turret  
Tags
 
Add a new tag
Caveats
  • Supply blocks, unpowered buildings, or Contaminate may cause inaccurate times.
  • Supply counts are checked every 10 seconds.